Map: Eternal Empire LE

Players

Nolimmit - Winner!

  • Race: Protoss Protoss
  • League: Diamond
  • Spawn Location: 7:00

antagomiR

  • Race: Protoss Protoss
  • League: Gold
  • Spawn Location: 1:00

VOD

Have the link to the VOD?

Description

Time

  • Played on: April 5, 2020, 5:54 p.m.
  • Length: 24:16
Show
View Real Time Build Order
Export as new Build Order

Nolimmit Protoss - Winner!

Build Orders: Carriers 

Get SALT Encoding   

  12  0:04  Probe  
  13  0:16  Probe  
  14  0:23  Pylon  
  14  0:46  Probe  
  15  0:58  Probe, Forge  
  16  1:06  Gateway  
  16  1:28  Pylon  
  16  1:44  Pylon  
  16  1:45  Probe  
  17  1:57  Probe  
  18  2:06  Photon Cannon  
  18  2:09  Probe  
  19  2:21  Probe  
  20  2:25  Assimilator  
  20  2:32  Assimilator  
  20  2:33  Probe  
  21  2:41  Nexus  
  21  2:45  Probe  
  21  2:49  Pylon  
  22  2:56  Cybernetics Core  
  22  2:58  Probe (Chrono Boost)  
  23  3:09  Probe (Chrono Boost)  
  24  3:13  Probe (Chrono Boost)  
  24  3:14  Pylon  
  25  3:21  Gateway  
  25  3:23  Gateway  
  25  3:24  Probe  
  26  3:34  Gateway  
  26  3:36  Probe (Chrono Boost)  
  28  3:48  Probe (Chrono Boost)  
  28  3:55  Probe (Chrono Boost)  
  30  3:57  Probe (Chrono Boost)  
  30  4:07  Probe (Chrono Boost)  
  30  4:08  Probe (Chrono Boost)  
  32  4:12  Probe (Chrono Boost)  
  32  4:13  Photon Cannon  
  32  4:14  Probe  
  34  4:20  Stalker  
  34  4:21  Probe  
  37  4:34  Probe, Pylon  
  34  5:18  Pylon  
  34  5:33  Pylon  
  34  5:40  Photon Cannon  
  34  5:50  Shield Battery  
  34  5:53  Photon Cannon  
  34  5:57  Probe (Chrono Boost)  
  35  6:08  Probe (Chrono Boost), Assimilator  
  36  6:12  Probe (Chrono Boost), Assimilator  
  36  6:17  Shield Battery  
  37  6:19  Shield Battery  
  37  6:24  Probe  
  38  6:27  Pylon  
  38  6:29  Pylon  
  38  6:34  Pylon  
  38  6:36  Probe  
  39  6:40  Pylon  
  39  6:43  Pylon  
  39  7:05  Nexus  
  39  7:19  Stargate  
  39  7:21  Stargate, Nexus  
  39  7:23  Stargate  
  39  7:25  Stargate  
  39  7:35  Stargate  
  39  7:40  Twilight Council  
  39  7:48  Photon Cannon  
  39  7:49  Photon Cannon  
  39  7:55  Photon Cannon  
  39  7:57  Photon Cannon  
  39  8:03  Pylon  
  39  8:05  Pylon  
  39  8:13  Fleet Beacon  
  39  8:19  Probe  
  40  8:21  Pylon  
  40  8:24  Pylon  
  40  8:27  Unknown  
  41  8:34  Probe (Chrono Boost)  
  41  8:35  Probe (Chrono Boost)  
  42  8:45  Probe (Chrono Boost)  
  42  8:48  Probe (Chrono Boost)  
  44  8:51  Probe (Chrono Boost)  
  46  8:58  Carrier x2  
  46  9:01  Probe x2 (Chrono Boost)  
  59  9:06  Probe (Chrono Boost)  
  59  9:07  Probe (Chrono Boost)  
  61  9:19  Probe (Chrono Boost)  
  61  9:23  Probe (Chrono Boost)  
  62  9:42  Tempest x2  
  62  9:44  Carrier  
  78  9:51  Cybernetics Core  
  78  10:06  Protoss Air Weapons Level 1 (Chrono Boost)  
  78  10:08  Pylon  
  78  10:12  Pylon  
  78  10:13  Pylon  
  78  10:30  Pylon  
  78  10:35  Nexus  
  78  10:40  Unknown  
  78  10:53  Tempest x2  
  78  10:55  Carrier  
  94  11:08  Protoss Air Armor Level 1 (Chrono Boost)  
  94  11:36  Robotics Facility  
  94  11:44  Nexus  
  94  11:53  Probe (Chrono Boost)  
  95  12:03  Probe (Chrono Boost)  
  95  12:08  Probe (Chrono Boost)  
  97  12:19  Probe  
  95  12:31  Probe  
  96  12:56  Carrier x2  
  96  12:57  Tempest x2  
  118  12:58  Tempest  
  118  13:03  Protoss Shields Level 1  
  123  13:11  Probe (Chrono Boost)  
  124  13:18  Protoss Air Weapons Level 2  
  124  13:19  Protoss Air Armor Level 2  
  125  13:20  Assimilator  
  125  13:21  Probe (Chrono Boost)  
  125  13:24  Assimilator  
  125  13:26  Probe (Chrono Boost)  
  124  13:37  Probe  
  125  13:49  Probe  
  114  15:08  Probe (Chrono Boost)  
  115  15:19  Probe x2 (Chrono Boost)  
  117  15:23  Probe (Chrono Boost)  
  117  15:27  Probe  
  119  15:34  Probe  
  120  15:39  Probe  
  121  15:46  Probe  
  122  15:51  Probe  
  123  16:03  Probe  
  124  16:05  Carrier x3  
  124  16:06  Carrier x2  
  152  16:42  Protoss Air Weapons Level 3  
  152  16:43  Protoss Air Armor Level 3  
  152  17:02  Nexus  
  152  17:09  Tempest x2  
  152  17:12  Mothership (Chrono Boost)  
  170  17:28  Protoss Shields Level 2 (Chrono Boost)  
  170  17:32  Tempest  
  170  17:33  Tempest x2  
  185  17:56  Observer  
  180  18:18  Observer  
  176  18:39  Observer  
  177  18:46  Pylon  
  177  18:47  Pylon  
  177  18:49  Pylon  
  177  18:52  Pylon  
  177  18:58  Shield Battery  
  177  18:59  Shield Battery  
  177  19:00  Observer  
  177  19:01  Shield Battery  
  178  19:04  Shield Battery  
  178  19:08  Photon Cannon  
  178  19:10  Photon Cannon  
  178  19:14  Photon Cannon  
  178  19:15  Shield Battery  
  178  19:20  Shield Battery  
  178  19:27  Shield Battery  
  178  20:00  Tempest  
  178  20:01  Tempest x3  
  198  20:12  Unknown  
  198  20:13  Pylon  
  185  21:09  Anion Pulse-Crystals  
  173  23:11  Carrier x4  
  188  23:51  Nexus  
Show
View Real Time Build Order
Export as new Build Order

antagomiR Protoss 

Build Orders:  

Get SALT Encoding   

  12  0:01  Probe  
  13  0:13  Probe  
  14  0:18  Pylon  
  14  0:25  Probe  
  15  0:40  Probe, Gateway  
  16  0:50  Assimilator  
  16  0:52  Probe  
  17  1:04  Probe  
  18  1:16  Probe  
  19  1:19  Assimilator  
  19  1:27  Cybernetics Core  
  19  1:37  Zealot (Chrono Boost)  
  21  1:42  Probe  
  22  1:54  Probe  
  22  2:00  Warp Gate (Chrono Boost)  
  23  2:08  Probe  
  23  2:13  Pylon  
  23  2:31  Probe, Adept  
  26  2:44  Probe  
  27  2:45  Robotics Facility  
  27  2:56  Probe  
  28  3:01  Adept  
  30  3:08  Probe  
  30  3:10  Nexus  
  31  3:24  Pylon  
  31  3:42  Probe  
  31  3:47  Observer  
  33  3:51  Shield Battery  
  33  3:54  Probe  
  34  3:57  Gateway x2  
  34  4:08  Observer  
  35  4:29  Immortal  
  39  4:56  Probe  
  38  5:08  Probe  
  37  5:15  Sentry  
  37  5:16  Sentry  
  37  5:18  Stalker  
  41  5:40  Twilight Council  
  41  5:44  Immortal, Forge  
  41  5:49  Adept x2  
  49  5:58  Probe x2  
  51  6:10  Probe x2  
  53  6:13  Pylon  
  53  6:14  Pylon  
  53  6:19  Assimilator  
  53  6:22  Probe  
  54  6:26  Assimilator  
  54  6:31  Immortal  
  58  6:37  Probe x2  
  60  6:42  Sentry x2  
  64  6:49  Probe  
  64  6:50  Probe  
  64  6:51  Photon Cannon  
  66  7:01  Probe  
  66  7:02  Probe  
  66  7:06  Protoss Ground Weapons Level 1 (Chrono Boost)  
  68  7:09  Charge (Chrono Boost)  
  68  7:11  Gateway  
  68  7:13  Probe, Gateway  
  68  7:14  Probe  
  70  7:20  Shield Battery  
  70  7:25  Pylon  
  70  7:27  Pylon  
  70  7:28  Phoenix  
  70  7:39  Pylon  
  70  7:41  Pylon  
  70  7:43  Probe x2  
  70  7:44  Immortal  
  76  7:56  Probe x2  
  78  8:02  Stalker x2  
  78  8:03  Sentry  
  84  8:08  Probe x2  
  86  8:20  Probe x2  
  86  8:23  Immortal  
  92  8:32  Probe x2, Pylon  
  94  8:44  Probe x2  
  94  8:45  Zealot x3  
  102  8:54  Nexus  
  102  8:56  Probe, Pylon  
  102  8:59  Pylon  
  103  9:05  Templar Archives  
  103  9:06  Protoss Ground Weapons Level 2 (Chrono Boost)  
  103  9:41  Probe x2  
  103  9:42  Shield Battery  
  105  9:48  Shield Battery  
  105  9:51  Assimilator  
  105  9:53  Probe  
  105  9:54  Probe  
  105  9:57  Assimilator  
  105  9:59  Pylon  
  107  10:01  Gateway x2  
  107  10:04  Gateway  
  107  10:05  Probe  
  107  10:06  Gateway  
  108  10:08  Gateway  
  107  10:24  Immortal  
  107  10:28  Zealot x3  
  113  10:29  Zealot x2  
  122  10:42  Probe  
  122  10:43  Probe  
  122  10:45  Probe  
  124  10:55  Probe x2  
  126  10:57  Probe  
  126  10:58  High Templar x5  
  126  10:59  High Templar x2  
  126  11:02  Archon x3  
  126  11:03  Observer  
  142  11:10  Pylon  
  142  11:12  Pylon  
  142  11:15  Pylon  
  142  11:18  Probe x3, Pylon  
  145  11:24  Immortal  
  149  11:30  Probe  
  150  11:41  Stargate  
  150  11:42  Stargate  
  150  12:00  Stargate  
  150  12:03  Warp Prism  
  152  12:36  Pylon  
  150  12:44  Stalker x5  
  146  12:45  Stalker x4  
  146  12:46  Stalker  
  158  13:12  Phoenix x3  
  162  13:19  Stalker x4  
  172  13:20  Stalker x2  
  172  13:21  Stalker  
  171  13:37  Phoenix x3  
  148  13:56  Stalker x2  
  148  13:57  Stalker x4  
  148  13:58  Stalker x3  
  148  13:59  Stalker  
  148  14:02  Phoenix x3  
  170  14:08  Blink  
  157  14:27  Phoenix x3  
  149  14:40  Stalker  
  149  14:41  Stalker x5  
  149  14:42  Stalker  
  151  14:52  Phoenix  
  137  15:02  Sentry x2  
  137  15:03  Sentry  
  143  15:20  Phoenix x3  
  137  15:30  Stalker x2  
  137  15:45  Phoenix x3  
  135  16:10  Phoenix  
  117  16:39  Stalker  
  119  16:40  Stalker x4  
  119  16:41  Stalker  
  129  16:51  Nexus  
  129  16:54  Pylon  
  129  16:58  Pylon  
  129  17:15  Stalker x2  
  129  17:16  Stalker x2  
  137  17:33  Probe  
  138  17:39  Shield Battery  
  138  17:46  Assimilator  
  138  17:50  Fleet Beacon  
  138  17:51  Assimilator  
  130  18:23  Stalker  
  130  18:24  Stalker x2  
  128  18:47  Tempest (Chrono Boost)  
  133  19:04  Tempest (Chrono Boost)  
  138  19:28  Tempest  
  143  19:47  Tempest  
  148  19:57  Zealot  
  148  19:59  Zealot x3  
  156  20:00  Zealot x3  
  162  20:12  Tempest (Chrono Boost)  
  167  20:26  Tempest (Chrono Boost)  
  172  20:43  Tempest (Chrono Boost)  
  177  20:51  Tempest (Chrono Boost)  
  182  21:01  Probe x2  
  184  21:13  Zealot x4  
  184  21:14  Zealot x2  
  134  21:51  Stalker x2  
  134  21:52  Stalker x3  
  134  21:53  Stalker x2  
  130  21:54  Stalker x2  
  73  22:26  Tempest x2  
  66  23:13  Tempest (Chrono Boost)  
Tags
 
Composition
Carriers
Matchup
PvP
Replay Pack
20200422
Spawn Locations
Cross Positions
Add a new tag
Caveats
  • Supply blocks, unpowered buildings, or Contaminate may cause inaccurate times.
  • Supply counts are checked every 10 seconds.